 Dungeon Crawl Stone Soup version 0.29.1-15-g9cfb28693d (webtiles) character file.

Game seed: 10966984675604343094

154 hawla the Chiller (level 5, -3/39 HPs)
             Began as a Meteoran Ice Elementalist on Apr 13, 2023.
             Slain by Edmund
             ... wielding a +2 vorpal flail
              (21 damage)
             ... on level 4 of the Dungeon.
             The game lasted 00:03:00 (772 turns).

hawla the Chiller (Meteoran Ice Elementalist)        Turns: 772, Time: 00:03:00

Health: -3/39      AC:  2    Str:  9    XL:     5   Next: 94%
Magic:  7/12       EV: 12    Int: 19    God:
Gold:   61         SH:  0    Dex: 14    Spells: 8/12 levels left

rFire   . . .      SeeInvis .   (no weapon)
rCold   . . .      Faith    .   e - orb {*channel}
rNeg    . . .      Spirit   .   a - +0 robe
rPois   .          Reflect  .   (no helmet)
rElec   .          Harm     .   (no cloak)
rCorr   .          Rampage  .   (no gloves)
Will    .....                   (no boots)
Stlth   +.........              (no amulet)
HPRegen 0.13/turn               (no ring)
MPRegen 0.13/turn               (no ring)

@: freezing walls, glowing
A: sense surroundings 1, otherworldly, glowing, explore regen
a: no special abilities


You were on level 4 of the Dungeon.
You visited 1 branch of the dungeon, and saw 4 of its levels.

You collected 61 gold pieces.

Inventory:

Armour
 a - a +0 robe (worn)
 e - an orb of energy (worn)
Jewellery
 j - a ring of ice
Scrolls
 c - 4 scrolls of teleportation {unknown}
 d - 2 scrolls of summoning
 f - 2 scrolls of identify {unknown}
 g - a scroll of poison {unknown}
Potions
 b - a potion of magic
 h - a potion of brilliance {unknown}
 i - 2 potions of mutation {unknown}
 k - a potion of heal wounds {unknown}


   Skills:
 + Level 0.8 Fighting
 + Level 2.6 Dodging
 - Level 1.4 Stealth
 + Level 4.0 Spellcasting
 + Level 5.5 Ice Magic
 + Level 3.0 Evocations


You had 8 spell levels left.
You knew the following spells:

 Your Spells              Type           Power      Damage    Failure   Level
a - Freeze                Ice            96%        1d11      1%          1
b - Frozen Ramparts       Ice            48%        1d8       4%          3

Your spell library contained the following spells:

 Spells                   Type           Power      Damage    Failure   Level
 Ozocubu's Armour         Ice            24%        N/A       4%          3
 Hailstorm                Conj/Ice       14%        3d5       41%         4


Dungeon Overview and Level Annotations

Branches:
Dungeon (4/15) Zot: 1627
 Temple: D:4-7

Altars:
Ashenzari
Sif Muna
Xom
Zin

Annotations:
D:2 Jessica, Robin
D:4 Edmund


Innate Abilities, Weirdness & Mutations

You passively map a small area around you.
You are easily found by Zot.
You glow in the dark.
You regain HP and MP as you explore.


Message History

Edmund drinks a potion.
Edmund seems to grow stronger.
There are monsters nearby!
There are monsters nearby!
Casting: Freeze (safe; 1% risk of failure)
Confirm with . or Enter, or press ? or * to list all spells.
Casting: Frozen Ramparts (dangerous; 4% risk of failure)
Press: ? - help, Dir - look around, f - activate The walls around you are covered in ice.
The wall freezes Edmund but does no damage.
The wall freezes the kobold!
You kill the kobold!
Unknown command.
Casting: Frozen Ramparts (dangerous; 4% risk of failure)
Confirm with . or Enter, or press ? or * to list all spells.
Aiming: Freeze (safe; 1% risk of failure)
Press: ? - help, Shift-Dir - straight line, f - Edmund
Aim: Edmund, wielding a +2 vorpal flail and wearing a +0 chain mail (strong)
You freeze Edmund!
Edmund is lightly wounded.
The wall freezes Edmund.
Edmund hits you with a +2 vorpal flail!
Unknown command.
Casting: Freeze (safe; 1% risk of failure)
Confirm with . or Enter, or press ? or * to list all spells.
Aiming: Freeze (safe; 1% risk of failure)
Press: ? - help, Shift-Dir - straight line, f/p - Edmund
Aim: Edmund, wielding a +2 vorpal flail and wearing a +0 chain mail (lightly wounded, strong)
You freeze Edmund!
Edmund is moderately wounded.
The wall freezes Edmund.
Edmund hits you with a +2 vorpal flail!
Casting: Freeze (safe; 1% risk of failure)
Confirm with . or Enter, or press ? or * to list all spells.
Aiming: Freeze (safe; 1% risk of failure)
Press: ? - help, Shift-Dir - straight line, f/p - Edmund
Aim: Edmund, wielding a +2 vorpal flail and wearing a +0 chain mail (heavily wounded, strong)
You freeze Edmund!
Edmund is heavily wounded.
The wall freezes Edmund.
Edmund hits you with a +2 vorpal flail!!
Ouch! That really hurt!
You die...

#.#
#####.........#
#'# #..######.#
... #..# .# ...
#..#### *.#
#.....# .#
####....# .# ,
, +.......###.#
###.......#@#
** #.......@.#
* #.###.#.#.#
#.* #.#.#).#
#+# #.*
..#.##..# #.#
#.....,..# #.#
* ..#### ..#
#.## ,... .#
...## + .#
....# * ,


You could see Edmund (strong).

Vanquished Creatures
  A howler monkey (D:4)
  A jelly (D:4)
  2 iguanas (D:4)
  An adder (D:4)
  A worm (D:4)
  A dart slug (D:3)
  A ball python (D:1)
  2 bats
  A giant cockroach (D:1)
  2 goblins (D:4)
  2 hobgoblins (D:4)
  2 kobolds
  A rat (D:1)
18 creatures vanquished.

Vanquished Creatures (collateral kills)
  A kobold (D:4)
1 creature vanquished.

Grand Total: 19 creatures vanquished

Notes
Turn   | Place    | Note
-------+----------+-------------------------------------------
     0 | D:1      | hawla the Meteoran Ice Elementalist began the quest for the
                  | Orb.
     0 | D:1      | Reached XP level 1. HP: 14/14 MP: 5/5
     6 | D:1      | Noticed a killer bee
     6 | D:1      | Noticed a swamp drake
     6 | D:1      | Noticed a black bear
     7 | D:1      | Noticed a swamp worm
    72 | D:2      | Noticed Jessica
    72 | D:2      | Noticed Robin
    90 | D:1      | Found a faded altar of an unknown god.
   194 | D:1      | Reached XP level 2. HP: 19/20 MP: 4/6
   222 | D:3      | Reached skill level 1 in Evocations
   312 | D:4      | Found a shimmering blue altar of Sif Muna.
   414 | D:4      | Reached XP level 3. HP: 14/27 MP: 1/8
   418 | D:4      | Learned a level 3 spell: Frozen Ramparts
   477 | D:4      | Found a shimmering altar of Xom.
   477 | D:4      | Found a broken altar of Ashenzari.
   478 | D:4      | Found a glowing silver altar of Zin.
   485 | D:4      | Reached XP level 4. HP: 25/34 MP: 5/9
   588 | D:4      | Reached skill level 5 in Ice Magic
   588 | D:4      | Reached XP level 5. HP: 39/39 MP: 4/11
   768 | D:4      | Noticed Edmund
   772 | D:4      | Slain by Edmund

Illustrated notes

Levels and vault maps discovered:
D:1:      onia_arrival_zoo_common, layout_basic,
          chequers_ecumenical_altar_simple_redux, nicolae_titane
D:2:      layout_rooms, serial_shops, shop, minmay_misc_feat_hallway,
          minmay_tripent, uniq_jessica, uniq_crazy_yiuf_cottage, uniq_robin
D:3:      layout_basic, nicolae_gozag_seed_capital, gammafunk_ghost_arena
D:4:      layout_loops_corners, mainiacjoe_overflow_24_doors,
          chequers_temple_overflow_statue_of_worship, minmay_misc_feat_room,
          uniq_edmund

Skill      XL: |  1  2  3  4  5 |
---------------+----------------+-----
Evocations     | 3 |  3.0
Spellcasting   | 3 4 |  4.0
Ice Magic      | 5 |  5.5
Fighting       | |  0.8
Dodging        | |  2.6
Stealth        | |  1.4

Action                   |  1- 3 |  4- 6 || total
-------------------------+-------+-------++-------
Melee: Unarmed           |     2 |       ||     2
 Cast: Freeze            |    21 |    15 ||    36
       Frozen Ramparts   |       |     5 ||     5
  Use: Scroll            |     1 |       ||     1
Armor: Robe              |     7 |       ||     7
Dodge: Dodged            |    11 |     7 ||    18
